 Dungeon Crawl Stone Soup version 0.30-a0-779-g7971cf19c3 (webtiles) character file.

Game seed: 14440954395150344631

185 Shayle the Conjurer (level 5, 38/38 HPs)
             Began as a Demonspawn Conjurer on Feb 17, 2023.
             Quit the game on level 3 of the Dungeon.
             The game lasted 00:07:09 (2528 turns).

Shayle the Conjurer (Demonspawn Conjurer)           Turns: 2528, Time: 00:07:09

Health: 38/38      AC:  4    Str:  7    XL:     5   Next: 37%
Magic:  0/9        EV: 12    Int: 21    God:
Gold:   122        SH:  0    Dex: 12    Spells: 7/10 levels left

rFire   . . .      SeeInvis .    h - +1 dagger (venom)
rCold   . . .      Faith    .    (no shield)
rNeg    . . .      Spirit   .    a - +0 robe
rPois   .          Reflect  .    e - +0 helmet
rElec   .          Harm     .    d - +0 cloak
rCorr   .          Rampage  .    (no gloves)
Will    .....                    (no boots)
Stlth   ++                       (no amulet)
HPRegen 0.26/turn                (no ring)
MPRegen 0.11/turn                (no ring)

@: no status effects
A: demonic guardian 1, demonic touch 2
a: no special abilities


You were on level 3 of the Dungeon.
You visited 1 branch of the dungeon, and saw 3 of its levels.

You collected 122 gold pieces.

Inventory:

Hand Weapons
 h - a +1 dagger of venom (weapon)
Armour
 a - a +0 robe (worn)
 d - a +0 cloak (worn)
 e - a +0 helmet (worn)
Scrolls
 j - 2 scrolls of enchant armour {unknown}
 l - a scroll of identify
Potions
 b - a potion of magic
 c - a potion of mutation {unknown}
 f - 2 potions of haste
 i - a potion of ambrosia {unknown}
 k - a potion of invisibility {unknown}


   Skills:
 + Level 2.0 Fighting
 + Level 2.7 Dodging
 + Level 2.9 Stealth
 + Level 3.0 Spellcasting
 + Level 4.6 Conjurations


You had 7 spell levels left.
You knew the following spells:

 Your Spells              Type           Power      Damage    Failure   Level
a - Magic Dart            Conj           88%        1d7       1%          1
b - Searing Ray           Conj           44%        2d6       3%          2

Your spell library contained the following spells:

 Spells                   Type           Power      Damage    Failure   Level
 Dazzling Flash           Conj/Hex       24%        N/A       16%         3
 Fulminant Prism          Conj/Hex       6%         3d7       45%         4
 Iskenderun's Mystic Bla  Conj/Tloc      12%        2d5       45%         4


Dungeon Overview and Level Annotations

Branches:
Dungeon (3/15)

Altars:
Trog


Innate Abilities, Weirdness & Mutations

A weak demonic guardian rushes to your aid.
Your touch may inflict irresistible damage on your foes.


Message History

You can't see any susceptible monsters within range! (Use Z to cast anyway.)
Casting: Searing Ray (safe; 3% risk of failure)
Confirm with . or Enter, or press ? or * to list all spells.
Aiming: Magic Dart (safe; 2% risk of failure)
Press: ? - help, Shift-Dir - straight line, f - ogre
Aim: an ogre, wielding a +0 giant club (100% to hit)
The magic dart hits the ogre.
The ogre is lightly wounded.
Casting: Magic Dart (safe; 2% risk of failure)
Confirm with . or Enter, or press ? or * to list all spells.
Aiming: Searing Ray (safe; 3% risk of failure)
Press: ? - help, Shift-Dir - straight line, f/p - ogre
Aim: an ogre, wielding a +0 giant club (lightly wounded, 89% to hit)
The searing ray hits the ogre!
The ogre is heavily wounded. (Press . to maintain the ray.)
The searing ray hits the ogre.
The ogre is severely wounded.
The searing ray hits the ogre.
The ogre is almost dead.
The searing ray hits the ogre.
The ogre is almost dead.
You finish channelling your searing ray.
The ogre closely misses you.
Casting: Searing Ray (safe; 3% risk of failure)
Confirm with . or Enter, or press ? or * to list all spells.
Aiming: Searing Ray (safe; 3% risk of failure)
Press: ? - help, Shift-Dir - straight line, f/p - ogre
Aim: an ogre, wielding a +0 giant club (almost dead, 89% to hit)
The searing ray hits the ogre.
You kill the ogre! (Press . to maintain the ray.)
Your Fighting skill increases to level 2!
Your Spellcasting skill increases to level 3!
You have reached level 5!
Your demonic ancestry asserts itself...
You feel the presence of a demonic guardian.
Things that are here:
a +0 giant club; an ogre corpse Are you sure you want to abandon this character and quit the game? (Confirm with "yes".)

******######.......#.............
,,,,,,.§.§.......................
,,~~~~.§§≈≈≈.._..≈≈≈≈..≈≈≈§......
,,,,,,.§†........................
******######....####.............
#.)..####.)...........
#######..........##...
########.###.#######.(.
#.....@......# ####
#..........### #.........##
#.........# ###########


There were no monsters in sight!

Vanquished Creatures
  An ogre (D:3)
  3 adders (D:3)
  6 orcs (D:3)
  6 bats
  8 endoplasms
  3 giant cockroaches
  6 goblins
  7 hobgoblins
  9 jackals
  2 kobolds (D:1)
  2 quokkas
  A ball python (D:1)
  2 frilled lizards (D:1)
  2 rats
58 creatures vanquished.

Notes
Turn   | Place    | Note
-------+----------+-------------------------------------------
     0 | D:1      | Shayle the Demonspawn Conjurer began the quest for the Orb.
     0 | D:1      | Reached XP level 1. HP: 13/13 MP: 3/3
   197 | D:1      | Gained mutation: Your touch may inflict minor irresistible
                  | damage on your foes. [demonic ancestry]
   197 | D:1      | Reached XP level 2. HP: 20/20 MP: 1/5
   660 | D:1      | Learned a level 2 spell: Searing Ray
   963 | D:1      | Reached XP level 3. HP: 25/25 MP: 2/6
  1058 | D:1      | Reached skill level 1 in Fighting
  1788 | D:3      | Found a bloodstained altar of Trog.
  2209 | D:3      | Gained mutation: Your touch may inflict irresistible damage
                  | on your foes. [demonic ancestry]
  2209 | D:3      | Reached XP level 4. HP: 32/32 MP: 4/7
  2519 | D:3      | Noticed an ogre
  2526 | D:3      | Killed an ogre
  2527 | D:3      | Gained mutation: A weak demonic guardian rushes to your
                  | aid. [demonic ancestry]
  2527 | D:3      | Reached XP level 5. HP: 38/38 MP: 0/9
  2528 | D:3      | Quit the game

Illustrated notes

Levels and vault maps discovered:
D:1:      ncdulo_wetmaze, layout_loops_ring
D:2:      layout_rooms, minmay_statues_item
D:3:      layout_rooms, mainiacjoe_overflow_boulevard

Skill      XL: |  1  2  3  4 |
---------------+-------------+-----
Stealth        | 2 |  2.9
Dodging        | 2 |  2.7
Fighting       | 1 2 |  2.0
Spellcasting   | 3 |  3.0
Conjurations   | |  4.6

Action                     |  1- 3 |  4- 6 || total
---------------------------+-------+-------++-------
  Melee: Dagger            |    11 |     1 ||    12
         Touch             |     2 |     1 ||     3
   Cast: Magic Dart        |    90 |    10 ||   100
         Searing Ray       |     2 |     3 ||     5
    Use: Scroll            |     5 |     1 ||     6
         Potion            |       |     1 ||     1
   Stab: Sleeping          |     1 |       ||     1
 Armour: Robe              |     3 |       ||     3
  Dodge: Dodged            |    14 |     6 ||    20

Table legend: (Time is in decaauts)
 A = Elapsed time spent in this place.
 B = Non-inter-level travel time spent in this place.
 C = Inter-level travel time spent in this place.
 D = Time resting spent in this place.
 E = Time spent auto-exploring this place.
 F = Levels seen in this place.
 G = Mean time per level.
                   A        B        C        D        E       F      G
               +--------+--------+--------+--------+--------+-----+--------+
         Total |   2535 |   2475 |     60 |    442 |   1632 |   3 |  845.0 |
       Dungeon |   2535 |   2475 |     60 |    442 |   1632 |   3 |  845.0 |
               +--------+--------+--------+--------+--------+-----+--------+

Top non-repeatable levels by time:
     D:1: 1261 daAuts
     D:3: 661 daAuts
     D:2: 612 daAuts
